 Dungeon Crawl Stone Soup version 0.21.0-3-g78d12a8 (webtiles) character file.

1133 rjrrt the Firebug (level 8, -4/46 HPs)
             Began as a Halfling Fire Elementalist on Jan 10, 2018.
             Was an Initiate of Ru.
             Killed by divine providence
             ... invoked by an orc priest
              (12 damage)
             ... on level 6 of the Dungeon.
             The game lasted 00:28:08 (8888 turns).

rjrrt the Firebug (Halfling Fire Elementalist)      Turns: 8888, Time: 00:28:09

Health: -4/46      AC:  9    Str:  9    XL:     8   Next: 62%
Magic:  11/11      EV: 16    Int: 15    God:    Ru [......]
Gold:   189        SH:  0    Dex: 15    Spells: 3/11 levels left

rFire    . . .     SeeInvis .   a - +4 dagger (venom)
rCold    . . .     Gourm    .   (shield restricted)
rNeg     . . .     Faith    .   m - +1 robe
rPois    .         Spirit   .   (no helmet)
rElec    .         Reflect  .   i - +2 cloak
rCorr    .         Harm     .   (no gloves)
MR       +....                  l - +2 pair of boots
Stlth    +++.......             (no amulet)
HPRegen  0.15/turn              k - ring of protection from magic
MPRegen  0.12/turn              q - ring of flight

@: about to teleport
A: small, mutation resistance 1
a: Renounce Religion, Evoke Flight


You were on level 6 of the Dungeon.
You worshipped Ru.
Ru was noncommittal.
You were not hungry.

You visited 2 branches of the dungeon, and saw 7 of its levels.

You collected 189 gold pieces.

Inventory:

Hand Weapons
 a - a +4 dagger of venom (weapon)
 b - a +0 spear
Missiles
 f - a throwing net (quivered)
Armour
 i - a +2 cloak (worn)
 l - a +2 pair of boots (worn)
 m - a +1 robe (worn)
Jewellery
 k - a ring of protection from magic (left hand)
 q - a ring of flight (right hand)
Wands
 p - a wand of scattershot (7)
 r - a wand of acid (6)
Scrolls
 e - 3 scrolls of identify
 g - 3 scrolls of teleportation
 j - 2 scrolls of remove curse
 u - a scroll of magic mapping
Potions
 h - 2 potions of berserk rage
 n - 2 potions of lignification
 o - a potion of might
 s - a potion of agility
 v - a potion of brilliance
Books
 d - a book of Flames

   Spells                             Type                      Level
   a - Flame Tongue                   Conjuration/Fire             1
   b - Throw Flame                    Conjuration/Fire             2
   c - Conjure Flame                  Conjuration/Fire             3
   d - Inner Flame                    Hexes/Fire                   3
   e - Sticky Flame                   Conjuration/Fire             4
   f - Fireball                       Conjuration/Fire             5
Comestibles
 c - 7 rations


   Skills:
 + Level 3.6 Dodging
 + Level 3.9 Stealth
 - Level 2.0 Spellcasting
 * Level 5.0 Conjurations
 * Level 6.8 Fire Magic


You had 3 spell levels left.
You knew the following spells:

 Your Spells              Type           Power        Failure   Level  Hunger
a - Flame Tongue          Conj/Fire      ###..        1%          1    #......
b - Conjure Flame         Conj/Fire      ###.....     6%          3    ###....
c - Sticky Flame          Conj/Fire      ###.....     19%         4    #####..


Dungeon Overview and Level Annotations

Branches:
Dungeon (6/15)             Temple (1/1) D:5

Altars:
Cheibriados
Dithmenos
Fedhas
Kikubaaqudgha
Makhleb
Nemelex Xobeh
Okawaru
Qazlal
Ru
Sif Muna
Trog
Uskayaw
Vehumet
Xom
Zin
The Shining One

Shops:
D:6 =


Innate Abilities, Weirdness & Mutations

You are small and have problems with some larger weapons.
You are somewhat resistant to further mutation.


Message History

An orc priest comes into view. It is wielding a falchion.
An orc comes into view.
The orc priest shouts!
The orc shouts!
A gnoll comes into view.
The orc priest calls down the wrath of Beogh upon you.
Pain shoots through your body!
The orc priest calls down the wrath of Beogh upon you.
Beogh smites you!
Unknown command.
The orc priest invokes the aid of Beogh against you.
Beogh smites you!
As you read the scroll of teleportation, it crumbles to dust.
You feel strangely unstable.
A gnoll comes into view. It is wielding a flail.
The orc priest invokes the aid of Beogh against you.
Beogh smites you!
* * * LOW HITPOINT WARNING * * *
The orc priest calls down the wrath of Beogh upon you.
Beogh smites you!
You die...

#.......##.....................##
#..............................#
...................+..<..##.##.#
...................#.o.o(#...#.#
...................#.....#...#.#
...................#.....#.....#
...................#.....#....##
...................#o....#....#
........#######.@..#.....#....##
........#######......o.........#
........................>....#.#
..........##.........#......##.#
.######...##()...............#.##
.#...[.....#.................#..#
.#.........#...........#.g......#
##..............##.....#........#
###....................#........#


You could see an orc priest.

Vanquished Creatures
  A black bear (D:6)
  An ice beast (D:5)
  An ogre (D:4)
  2 scorpions (D:4)
  A howler monkey (D:4)
  A crimson imp (D:4)
  3 hounds
  A centaur skeleton (D:5)
  An iguana (D:4)
  3 orc wizards
  Crazy Yiuf (D:4)
  A bullfrog skeleton (D:6)
  6 worker ants
  A hound skeleton (D:4)
  4 gnolls
  A howler monkey skeleton (D:5)
  8 adders
  A shadow imp (D:4)
  An ooze (D:3)
  An adder skeleton (D:4)
  3 worms
  3 dart slugs
  A leopard gecko (D:6)
  9 orcs
  6 giant cockroaches
  16 goblins
  5 hobgoblins
  4 jackals (D:1)
  6 quokkas
  2 ball pythons
  6 bats
  9 frilled lizards
  7 kobolds
  2 leopard gecko skeletons
  8 rats
127 creatures vanquished.

Notes
Turn   | Place    | Note
-------+----------+-------------------------------------------
     0 | D:1      | rjrrt the Halfling Fire Elementalist began the quest for the Orb.
     0 | D:1      | Reached XP level 1. HP: 11/11 MP: 3/3
    79 | D:1      | Reached skill level 1 in Conjurations
   191 | D:1      | Reached XP level 2. HP: 17/17 MP: 0/4
   934 | D:1      | Reached XP level 3. HP: 20/21 MP: 1/5
   993 | D:1      | Learned a level 3 spell: Conjure Flame
  1838 | D:2      | Reached XP level 4. HP: 27/27 MP: 6/6
  2379 | D:2      | Reached skill level 4 in Fire Magic
  3017 | D:2      | Reached XP level 5. HP: 23/31 MP: 4/7
  4255 | D:3      | Reached XP level 6. HP: 31/36 MP: 9/9
  4261 | D:3      | Learned a level 4 spell: Sticky Flame
  4408 | D:3      | Found an iron altar of Okawaru.
  4618 | D:2      | Reached skill level 5 in Fire Magic
  5426 | D:4      | Found a burning altar of Makhleb.
  5466 | D:4      | Reached XP level 7. HP: 36/41 MP: 8/10
  6639 | D:4      | Reached skill level 6 in Fire Magic
  7020 | D:4      | Found a runed door.
  7025 | D:4      | Noticed Crazy Yiuf
  7038 | D:4      | Killed Crazy Yiuf
  7163 | D:5      | Entered Level 5 of the Dungeon
  7207 | D:5      | Reached XP level 8. HP: 46/46 MP: 11/11
  7937 | D:5      | Found a staircase to the Ecumenical Temple.
  7954 | Temple   | Entered the Ecumenical Temple
  8000 | Temple   | Became a worshipper of Ru the Awakened
  8337 | D:6      | Found Ohiemmuah's Magic Scroll Emporium.
  8666 | D:6      | Reached skill level 5 in Conjurations
  8746 | D:6      | Found Bakar's Jewellery Boutique.
  8888 | D:6      | Killed from afar by an orc priest

Skill      XL: |  1  2  3  4  5  6  7  8 |
---------------+-------------------------+-----
Conjurations   | 1 2 3 4 5 |  5.0
Fire Magic     | 4 5 6 |  6.8
Spellcasting   | 2 |  2.0
Stealth        | 3 |  3.9
Dodging        | 3 |  3.6

Action                   |  1- 3 |  4- 6 |  7- 9 || total
-------------------------+-------+-------+-------++-------
Melee: Spear             |    78 |    16 |    39 ||   133
       Dagger            |       |   142 |    79 ||   221
 Cast: Flame Tongue      |    42 |    22 |    52 ||   116
       Conjure Flame     |       |     2 |     6 ||     8
  Use: Scroll            |       |    12 |     7 ||    19
       Potion            |       |     1 |       ||     1
 Stab: Sleeping          |     2 |     6 |     2 ||    10
  Eat: Chunk             |     4 |     9 |     6 ||    19
       Ration            |       |     1 |     2 ||     3
Armor: Robe              |    19 |    15 |    34 ||    68
Dodge: Dodged            |    72 |   125 |    82 ||   279
